[ AOE2 MATCH · #483851065 ]
Team RMPersians vs Teutons
[ REPLAY ANALYSIS · EXTRACTED FROM THE RECORDED GAME ]
Feudal
11:02
Castle
—
Imperial
—
| APM avg | 22.1 |
| APM peak | 48 |
| eAPM avg | 12.7 |
| Villagers / military | 37 / 18 |
Focus
⚔️ 21.0% · 🌾 79.0%
Militia ×12 · Archer ×5 · Skirmisher ×1
Feudal
12:29
Castle
—
Imperial
—
| APM avg | 34.1 |
| APM peak | 49 |
| eAPM avg | 8.8 |
| Villagers / military | 31 / 0 |
Focus
⚔️ 7.8% · 🌾 92.2%
Feudal
11:35
Castle
—
Imperial
—
| APM avg | 16.0 |
| APM peak | 36 |
| eAPM avg | 7.2 |
| Villagers / military | 24 / 0 |
Focus
⚔️ 8.4% · 🌾 91.6%
Feudal
11:04
Castle
—
Imperial
—
| APM avg | 29.0 |
| APM peak | 82 |
| eAPM avg | 10.4 |
| Villagers / military | 32 / 0 |
Focus
⚔️ 9.0% · 🌾 91.0%
Feudal
13:35
Castle
—
Imperial
—
| APM avg | 11.1 |
| APM peak | 39 |
| eAPM avg | 5.5 |
| Villagers / military | 32 / 0 |
Focus
⚔️ 3.0% · 🌾 97.0%
Feudal
10:06
Castle
—
Imperial
—
| APM avg | 30.5 |
| APM peak | 56 |
| eAPM avg | 12.0 |
| Villagers / military | 33 / 0 |
Focus
⚔️ 13.6% · 🌾 86.4%
Feudal
13:01
Castle
—
Imperial
—
| APM avg | 21.8 |
| APM peak | 48 |
| eAPM avg | 8.3 |
| Villagers / military | 36 / 0 |
Focus
⚔️ 6.0% · 🌾 94.0%
Feudal
12:42
Castle
—
Imperial
—
| APM avg | 27.6 |
| APM peak | 74 |
| eAPM avg | 10.8 |
| Villagers / military | 27 / 17 |
Focus
⚔️ 9.0% · 🌾 91.0%
Scout Cavalry ×10 · Spearman ×7
Match map
Initial resources + every placement click. Lines = walls · curves = elevation contours. ◆ gold · ⬟ stone · ● berries · ✦ relic · ◌ wall gap
Your base· ✓ Closed at 12:00 · 18t walls · 3 gate(s)
satc1014's base· ✓ Closed at 13:48 · 0t walls · 2 gate(s)
founderr's base· ✓ Closed at 13:01 · 0t walls · 2 gate(s)
ShootingDutchman's base· ✓ Closed at 12:00 · 0t walls · 3 gate(s)
KouKou NieT's base· ✓ Closed at 15:22 · 0t walls · 3 gate(s)
もち's base· ✓ Closed at 12:00 · 2t walls · 2 gate(s)
lauyikken123's base· ✓ Closed at 14:41 · 0t walls · 3 gate(s)
Yuanchi's base· ✓ Closed at 12:00 · 0t walls · 2 gate(s)
Smoothed initial terrain · ◌ = detected wall gap · hover for details
Inputs per minute
— COCO - - satc1014
Build order — COCO
75 actions detected in the replay
| 0:01 | Create | Villager (Male) |
| 0:02 | Create | Villager (Male) |
| 0:02 | Create | Villager (Male) |
| 0:02 | Create | Villager (Male) |
| 0:02 | Create | Villager (Male) |
| 0:02 | Create | Villager (Male) |
| 0:06 | Build | House |
| 0:24 | Build | House |
| 0:25 | Build | House |
| 0:25 | Build | House |
| 1:28 | Create | Villager (Male) |
| 1:28 | Create | Villager (Male) |
| 2:05 | Create | Villager (Male) |
| 2:39 | Create | Villager (Male) |
| 2:39 | Create | Villager (Male) |
| 2:40 | Create | Villager (Male) |
| 2:57 | Create | Villager (Male) |
| 2:57 | Create | Villager (Male) |
| 3:27 | Create | Villager (Male) |
| 3:49 | Create | Villager (Male) |
| 3:49 | Create | Villager (Male) |
| 3:49 | Create | Villager (Male) |
| 4:06 | Create | Villager (Male) |
| 4:06 | Create | Villager (Male) |
| 4:51 | Build | Lumber Camp |
| 4:56 | Create | Villager (Male) |
| 4:56 | Create | Villager (Male) |
| 5:08 | Build | Mill |
| 5:24 | Create | Villager (Male) |
| 5:24 | Create | Villager (Male) |
| 5:24 | Create | Villager (Male) |
| 5:46 | Create | Villager (Male) |
| 5:47 | Create | Villager (Male) |
| 5:47 | Create | Villager (Male) |
| 6:02 | Create | Villager (Male) |
| 6:02 | Create | Villager (Male) |
| 6:02 | Create | Villager (Male) |
| 6:29 | Build | Mill |
| 6:49 | Build | Mining Camp |
| 6:52 | Create | Villager (Male) |
| 7:46 | Build | House |
| 8:58 | Research | Feudal Age |
| 9:10 | Build | Barracks |
| 9:24 | Build | Barracks |
| 10:18 | Create | Militia |
| 10:19 | Create | Militia |
| 10:19 | Create | Militia |
| 10:19 | Create | Militia |
| 10:30 | Create | Militia ×5 |
| 10:51 | Create | Villager (Male) |
| 10:51 | Create | Villager (Male) |
| 10:52 | Create | Villager (Male) |
| 11:02 | Age | Feudal Age |
| 11:07 | Build | Stone Wall |
| 11:21 | Create | Villager (Male) |
| 11:21 | Create | Villager (Male) |
| 11:30 | Build | Blacksmith |
| 11:41 | Build | Archery Range |
| 11:59 | Create | Militia |
| 11:59 | Create | Militia |
| 11:59 | Create | Militia |
| 12:18 | Build | Stone Wall |
| 12:20 | Create | Archer ×5 |
| 12:28 | Build | Farm |
| 12:29 | Build | Farm |
| 12:30 | Build | Farm |
| 12:31 | Build | Farm |
| 12:32 | Build | Farm |
| 13:08 | Build | Farm |
| 13:11 | Build | Farm |
| 13:23 | Build | Stone Wall |
| 13:31 | Build | Stone Wall |
| 13:39 | Build | Stone Wall |
| 14:17 | Create | Skirmisher |
| 14:51 | Research | Man-at-Arms (upgrade) |
Build order — satc1014
57 actions detected in the replay
| 0:01 | Create | Villager (Male) |
| 0:01 | Create | Villager (Male) |
| 0:01 | Create | Villager (Male) |
| 0:03 | Build | House |
| 0:05 | Build | House |
| 0:28 | Create | Villager (Male) |
| 1:24 | Create | Villager (Male) |
| 1:24 | Create | Villager (Male) |
| 2:16 | Build | Lumber Camp |
| 2:48 | Create | Villager (Male) |
| 2:49 | Create | Villager (Male) |
| 2:49 | Create | Villager (Male) |
| 2:49 | Create | Villager (Male) |
| 3:13 | Create | Villager (Male) |
| 3:14 | Create | Villager (Male) |
| 4:17 | Create | Villager (Male) |
| 4:17 | Create | Villager (Male) |
| 4:38 | Build | House |
| 4:39 | Build | House |
| 5:02 | Build | Mill |
| 5:20 | Create | Villager (Male) |
| 5:20 | Create | Villager (Male) |
| 5:20 | Create | Villager (Male) |
| 5:33 | Build | House |
| 6:32 | Create | Villager (Male) |
| 6:32 | Create | Villager (Male) |
| 6:33 | Create | Villager (Male) |
| 6:33 | Create | Villager (Male) |
| 7:45 | Create | Villager (Male) |
| 7:46 | Create | Villager (Male) |
| 8:19 | Create | Villager (Male) |
| 8:19 | Create | Villager (Male) |
| 8:19 | Create | Villager (Male) |
| 9:35 | Build | Mining Camp |
| 10:15 | Create | Villager (Male) |
| 10:15 | Create | Villager (Male) |
| 10:19 | Research | Feudal Age |
| 10:51 | Build | Farm |
| 11:04 | Build | Farm |
| 11:10 | Build | Farm |
| 12:27 | Create | Villager (Male) |
| 12:27 | Create | Villager (Male) |
| 12:27 | Create | Villager (Male) |
| 12:29 | Age | Feudal Age |
| 12:37 | Build | Market |
| 12:42 | Build | Blacksmith |
| 13:48 | Research | Castle Age |
| 14:04 | Build | Barracks |
| 14:13 | Build | House |
| 14:14 | Build | House |
| 14:23 | Research | Horse Collar |
| 14:24 | Research | Double-Bit Axe |
| 14:38 | Build | Stable |
| 14:55 | Build | Farm |
| 15:01 | Build | Farm |
| 15:05 | Build | Farm |
| 15:22 | Build | House |
Build order — founderr
51 actions detected in the replay
| 0:09 | Build | House |
| 0:15 | Create | Villager (Male) |
| 0:16 | Create | Villager (Male) |
| 0:16 | Create | Villager (Male) |
| 0:16 | Create | Villager (Male) |
| 0:52 | Build | House |
| 0:54 | Build | House |
| 0:56 | Build | House |
| 1:53 | Create | Villager (Male) |
| 1:53 | Create | Villager (Male) |
| 2:33 | Create | Villager (Male) |
| 2:54 | Build | Lumber Camp |
| 2:58 | Create | Villager (Male) |
| 3:14 | Create | Villager (Male) |
| 3:32 | Create | Villager (Male) |
| 4:03 | Create | Villager (Male) |
| 4:11 | Create | Villager (Male) |
| 4:42 | Research | Loom |
| 4:43 | Create | Villager (Male) |
| 4:43 | Create | Villager (Male) |
| 4:56 | Create | Villager (Male) |
| 5:08 | Create | Villager (Male) |
| 5:09 | Create | Villager (Male) |
| 5:47 | Create | Villager (Male) |
| 6:28 | Create | Villager (Male) |
| 6:28 | Create | Villager (Male) |
| 6:42 | Build | Mining Camp |
| 8:09 | Create | Villager (Male) |
| 8:10 | Create | Villager (Male) |
| 8:32 | Build | Mill |
| 9:08 | Build | Mining Camp |
| 9:25 | Research | Feudal Age |
| 9:36 | Build | Farm |
| 9:45 | Build | Farm |
| 10:01 | Build | House |
| 10:27 | Build | Farm |
| 10:55 | Build | House |
| 11:35 | Age | Feudal Age |
| 11:49 | Build | Market |
| 11:58 | Build | Blacksmith |
| 12:17 | Research | Town Watch |
| 12:17 | Create | Villager (Male) |
| 12:53 | Build | Farm |
| 13:01 | Research | Castle Age |
| 13:13 | Build | House |
| 13:19 | Build | Outpost |
| 13:42 | Research | Double-Bit Axe |
| 13:45 | Research | Horse Collar |
| 15:00 | Build | Outpost |
| 15:03 | Build | House |
| 15:18 | Create | Villager (Male) |
Build order — ShootingDutchman
70 actions detected in the replay
| 0:01 | Create | Villager (Male) |
| 0:02 | Build | House |
| 0:03 | Build | House |
| 0:19 | Create | Villager (Male) |
| 0:29 | Create | Villager (Male) |
| 0:34 | Create | Villager (Male) |
| 1:45 | Create | Villager (Male) |
| 2:12 | Create | Villager (Male) |
| 2:16 | Create | Villager (Male) |
| 2:20 | Build | Lumber Camp |
| 2:45 | Create | Villager (Male) |
| 3:10 | Build | House |
| 3:12 | Create | Villager (Male) |
| 3:36 | Create | Villager (Male) |
| 3:51 | Create | Villager (Male) |
| 4:25 | Create | Villager (Male) |
| 4:59 | Create | Villager (Male) |
| 5:12 | Build | Mill |
| 5:21 | Create | Villager (Male) |
| 5:28 | Create | Villager (Male) |
| 5:56 | Build | House |
| 6:00 | Create | Villager (Male) |
| 6:39 | Create | Villager (Male) |
| 7:02 | Create | Villager (Male) |
| 7:28 | Create | Villager (Male) |
| 8:04 | Create | Villager (Male) |
| 8:16 | Build | House |
| 8:22 | Create | Villager (Male) |
| 8:39 | Build | Mining Camp |
| 8:42 | Research | Feudal Age |
| 9:34 | Create | Villager (Male) |
| 10:14 | Create | Villager (Male) |
| 10:46 | Create | Villager (Male) |
| 11:04 | Age | Feudal Age |
| 11:05 | Research | Double-Bit Axe |
| 11:09 | Build | Barracks |
| 11:11 | Create | Villager (Male) |
| 11:36 | Build | Blacksmith |
| 11:37 | Create | Villager (Male) |
| 11:47 | Build | House |
| 12:19 | Create | Villager (Male) |
| 12:28 | Build | Farm |
| 12:29 | Build | Farm |
| 12:29 | Build | Farm |
| 12:29 | Build | Farm |
| 12:29 | Build | Farm |
| 12:46 | Build | Stable |
| 12:47 | Create | Villager (Male) |
| 13:04 | Create | Villager (Male) |
| 13:07 | Build | Farm |
| 13:07 | Build | Farm |
| 13:07 | Build | Farm |
| 13:07 | Build | Farm |
| 13:07 | Build | Farm |
| 13:08 | Build | Farm |
| 13:13 | Build | Farm |
| 13:29 | Create | Villager (Male) |
| 13:33 | Build | Farm |
| 13:33 | Build | Farm |
| 13:33 | Build | Farm |
| 13:34 | Build | Farm |
| 13:36 | Create | Villager (Male) |
| 14:19 | Build | House |
| 14:23 | Build | Farm |
| 14:49 | Create | Villager (Male) |
| 14:55 | Build | Farm |
| 14:56 | Build | Farm |
| 15:19 | Build | Farm |
| 15:21 | Build | House |
| 15:37 | Build | House |
Build order — KouKou NieT
36 actions detected in the replay
| 0:03 | Create | Villager (Male) ×4 |
| 0:09 | Build | House |
| 0:10 | Build | House |
| 1:33 | Create | Villager (Male) |
| 2:15 | Create | Villager (Male) |
| 2:16 | Create | Villager (Male) |
| 2:32 | Create | Villager (Male) |
| 3:18 | Create | Villager (Male) ×2 |
| 3:48 | Create | Villager (Male) ×2 |
| 4:06 | Build | House |
| 4:09 | Build | Lumber Camp |
| 4:25 | Create | Villager (Male) |
| 4:43 | Build | Mill |
| 5:13 | Create | Villager (Male) ×2 |
| 6:05 | Create | Villager (Male) ×2 |
| 6:13 | Build | House |
| 6:15 | Build | House |
| 6:16 | Build | House |
| 7:03 | Create | Villager (Male) ×4 |
| 8:08 | Build | Mining Camp |
| 8:15 | Create | Villager (Male) ×2 |
| 8:42 | Build | Barracks |
| 9:38 | Create | Villager (Male) |
| 9:38 | Create | Villager (Male) |
| 9:39 | Create | Villager (Male) |
| 9:39 | Create | Villager (Male) |
| 11:25 | Research | Feudal Age |
| 11:32 | Build | Mining Camp |
| 11:48 | Build | Mill |
| 12:39 | Build | Mill |
| 12:52 | Create | Villager (Male) ×5 |
| 13:35 | Age | Feudal Age |
| 13:47 | Build | Market |
| 14:18 | Build | Archery Range |
| 14:27 | Build | Blacksmith |
| 15:22 | Research | Castle Age |
Build order — もち
51 actions detected in the replay
| 0:01 | Create | Villager (Male) |
| 0:02 | Create | Villager (Male) |
| 0:02 | Create | Villager (Male) |
| 0:02 | Create | Villager (Male) |
| 0:02 | Create | Villager (Male) |
| 0:05 | Build | House |
| 0:07 | Build | House |
| 1:25 | Create | Villager (Male) |
| 1:56 | Build | Lumber Camp |
| 2:00 | Create | Villager (Male) |
| 2:00 | Create | Villager (Male) |
| 2:15 | Create | Villager (Male) |
| 2:46 | Create | Villager (Male) |
| 2:46 | Create | Villager (Male) |
| 3:14 | Create | Villager (Male) |
| 3:14 | Create | Villager (Male) |
| 3:19 | Build | House |
| 4:00 | Create | Villager (Male) |
| 4:00 | Create | Villager (Male) |
| 4:43 | Create | Villager (Male) |
| 4:43 | Create | Villager (Male) |
| 4:44 | Create | Villager (Male) |
| 5:35 | Create | Villager (Male) |
| 5:48 | Build | Mining Camp |
| 6:00 | Create | Villager (Male) |
| 6:22 | Create | Villager (Male) |
| 6:38 | Build | House |
| 6:57 | Research | Loom |
| 7:56 | Research | Feudal Age |
| 7:56 | Research | Feudal Age |
| 8:11 | Build | House |
| 8:20 | Create | Villager (Male) |
| 8:20 | Create | Villager (Male) |
| 8:56 | Create | Villager (Male) |
| 9:44 | Build | Palisade Wall |
| 9:45 | Build | Palisade Wall |
| 10:06 | Age | Feudal Age |
| 10:10 | Build | Watch Tower |
| 10:14 | Create | Villager (Male) |
| 11:01 | Build | House |
| 11:22 | Create | Villager (Male) |
| 11:59 | Build | Watch Tower |
| 12:59 | Create | Villager (Male) |
| 12:59 | Create | Villager (Male) |
| 12:59 | Create | Villager (Male) |
| 13:09 | Create | Villager (Male) |
| 13:40 | Build | Mill |
| 13:46 | Create | Villager (Male) |
| 14:02 | Build | Watch Tower |
| 15:12 | Create | Villager (Male) |
| 15:12 | Create | Villager (Male) |
Build order — lauyikken123
65 actions detected in the replay
| 0:01 | Create | Villager (Male) |
| 0:01 | Create | Villager (Male) |
| 0:01 | Create | Villager (Male) |
| 0:02 | Create | Villager (Male) |
| 0:04 | Build | House |
| 0:05 | Build | House |
| 0:25 | Build | House |
| 1:35 | Create | Villager (Male) |
| 2:03 | Create | Villager (Male) |
| 2:14 | Create | Villager (Male) |
| 2:49 | Create | Villager (Male) |
| 3:07 | Create | Villager (Male) |
| 3:42 | Create | Villager (Male) |
| 3:43 | Create | Villager (Male) |
| 4:32 | Create | Villager (Male) |
| 4:33 | Create | Villager (Male) |
| 4:34 | Create | Villager (Male) |
| 4:35 | Create | Villager (Male) |
| 4:41 | Build | Lumber Camp |
| 4:47 | Create | Villager (Male) |
| 5:10 | Create | Villager (Male) |
| 5:30 | Create | Villager (Male) |
| 5:40 | Build | House |
| 5:45 | Create | Villager (Male) |
| 5:49 | Create | Villager (Male) |
| 6:02 | Create | Villager (Male) |
| 7:09 | Create | Villager (Male) |
| 7:18 | Build | House |
| 7:35 | Build | Mill |
| 7:39 | Create | Villager (Male) |
| 7:57 | Create | Villager (Male) |
| 8:14 | Create | Villager (Male) |
| 8:40 | Create | Villager (Male) |
| 8:51 | Build | Mining Camp |
| 8:57 | Build | Mining Camp |
| 9:18 | Create | Villager (Male) |
| 9:19 | Research | Feudal Age |
| 9:40 | Build | House |
| 9:42 | Build | House |
| 9:49 | Create | Villager (Male) |
| 10:21 | Build | Farm |
| 10:28 | Build | Farm |
| 10:30 | Build | Farm |
| 10:33 | Build | Farm |
| 10:47 | Build | Farm |
| 10:56 | Build | Farm |
| 11:04 | Create | Villager (Male) |
| 11:07 | Create | Villager (Male) |
| 11:27 | Build | Farm |
| 11:27 | Build | Farm |
| 11:41 | Build | Farm |
| 12:42 | Create | Villager (Male) |
| 13:01 | Build | Farm |
| 13:01 | Age | Feudal Age |
| 13:06 | Build | Market |
| 13:07 | Research | Double-Bit Axe |
| 13:14 | Create | Villager (Male) |
| 13:41 | Create | Villager (Male) |
| 14:04 | Build | Blacksmith |
| 14:09 | Create | Villager (Male) |
| 14:39 | Create | Villager (Male) |
| 14:41 | Research | Castle Age |
| 14:44 | Research | Horse Collar |
| 14:50 | Build | Farm |
| 14:56 | Create | Villager (Male) |
Build order — Yuanchi
60 actions detected in the replay
| 0:04 | Build | House |
| 0:05 | Build | House |
| 0:05 | Build | House |
| 0:07 | Create | Villager (Male) ×4 |
| 1:45 | Create | Villager (Male) |
| 1:45 | Create | Villager (Male) |
| 1:57 | Build | Lumber Camp |
| 2:12 | Create | Villager (Male) |
| 2:12 | Create | Villager (Male) |
| 2:39 | Create | Villager (Male) |
| 2:39 | Create | Villager (Male) |
| 2:39 | Create | Villager (Male) |
| 3:14 | Create | Villager (Male) |
| 3:15 | Create | Villager (Male) |
| 3:49 | Research | Loom |
| 4:03 | Create | Villager (Male) |
| 4:37 | Create | Villager (Male) |
| 4:37 | Create | Villager (Male) |
| 5:25 | Create | Villager (Male) |
| 5:26 | Create | Villager (Male) |
| 6:15 | Create | Villager (Male) |
| 6:16 | Create | Villager (Male) |
| 6:29 | Build | Mill |
| 6:36 | Create | Villager (Male) |
| 6:45 | Build | House |
| 7:23 | Create | Villager (Male) |
| 7:24 | Create | Villager (Male) |
| 7:44 | Build | Mill |
| 8:13 | Build | House |
| 8:21 | Create | Villager (Male) |
| 8:21 | Create | Villager (Male) |
| 9:19 | Research | Feudal Age |
| 9:22 | Create | Villager (Male) |
| 9:22 | Create | Villager (Male) |
| 9:26 | Build | Mining Camp |
| 9:51 | Research | Feudal Age |
| 10:15 | Build | Farm |
| 10:15 | Build | Farm |
| 10:15 | Build | Farm |
| 10:15 | Build | Farm |
| 11:52 | Build | Barracks |
| 12:04 | Build | House |
| 12:09 | Build | House |
| 12:12 | Build | House |
| 12:13 | Build | House |
| 12:16 | Build | Farm |
| 12:16 | Build | Farm |
| 12:17 | Build | Farm |
| 12:42 | Age | Feudal Age |
| 12:53 | Build | Stable |
| 13:02 | Build | Blacksmith |
| 13:37 | Build | Farm |
| 13:37 | Build | Farm |
| 13:52 | Research | Bloodlines |
| 13:54 | Create | Scout Cavalry ×5 |
| 14:06 | Build | Watch Tower |
| 14:13 | Create | Spearman ×5 |
| 14:25 | Create | Scout Cavalry ×5 |
| 14:57 | Create | Spearman |
| 14:57 | Create | Spearman |
Match timeline
| 8:42 | KouKou NieT · first_building Barracks |
| 9:10 | COCO · first_building Barracks |
| 9:44 | もち · wall_segment Palisade Wall x1 |
| 9:45 | もち · wall_segment Palisade Wall x1 |
| 10:06 | もち · age_up feudal |
| 11:02 | COCO · age_up feudal |
| 11:04 | ShootingDutchman · age_up feudal |
| 11:07 | COCO · wall_segment Stone Wall x18 |
| 11:09 | ShootingDutchman · first_building Barracks |
| 11:35 | founderr · age_up feudal |
| 11:41 | COCO · first_building Archery Range |
| 11:52 | Yuanchi · first_building Barracks |
| 12:18 | COCO · wall_segment Stone Wall x1 |
| 12:29 | satc1014 · age_up feudal |
| 12:42 | Yuanchi · age_up feudal |
| 12:46 | ShootingDutchman · first_building Stable |
| 12:53 | Yuanchi · first_building Stable |
| 13:01 | lauyikken123 · age_up feudal |
| 13:23 | COCO · wall_segment Stone Wall x5 |
| 13:31 | COCO · wall_segment Stone Wall x3 |
| 13:35 | KouKou NieT · age_up feudal |
| 13:39 | COCO · wall_segment Stone Wall x1 |
| 14:04 | satc1014 · first_building Barracks |
| 14:18 | KouKou NieT · first_building Archery Range |
| 14:38 | satc1014 · first_building Stable |
| 15:20 | Yuanchi · resign |
[ AI ANALYSIS · 1 CREDIT ]
What really happened in this match?
Wolo.gg analyzes every decision: build order, eco, micro, common mistakes by bracket. Personalized analysis on WhatsApp or Discord in 30 seconds.
Civ guide
Persians
Map guide
Arena
Perfil
COCO